 Dungeon Crawl Stone Soup version 0.28.0-43-g3370ac3207 (webtiles) character file.

Game seed: 13995135632682586142

2 tizbic2 the Sneak (level 1, 0/15 HPs)
             Began as a Naga Enchanter on Mar 17, 2022.
             Slain by a hobgoblin (5 damage)
             ... on level 1 of the Dungeon.
             The game lasted 00:00:36 (41 turns).

tizbic2 the Sneak (Naga Enchanter)                    Turns: 41, Time: 00:00:37

Health: 0/15       AC:  1    Str: 10    XL:     1   Next: 30%
Magic:  3/3        EV:  9    Int: 15    God:
Gold:   0          SH:  0    Dex: 11    Spells: 4/4 levels left

rFire   . . .      SeeInvis +   a - +1 dagger
rCold   . . .      Faith    .   (no shield)
rNeg    . . .      Spirit   .   b - +0 robe
rPois   +          Reflect  .   (no helmet)
rElec   .          Harm     .   (no cloak)
rCorr   .          Rampage  .   (no gloves)
Will    .....                   (no barding)
Stlth   ++........              (no amulet)
HPRegen 0.05/turn               (no ring)
MPRegen 0.08/turn               (no ring)

@: very slow
A: AC +0, large, see invisible, deformed body, poison resistance, slowness 2,
spit poison 1, naga tail 1
a: Spit Poison


You were on level 1 of the Dungeon.
You visited 1 branch of the dungeon, and saw 1 of its levels.

Inventory:

Hand Weapons
 a - a +1 dagger (weapon)
Armour
 b - a +0 robe (worn)
Potions
 c - a potion of invisibility


   Skills:
 + Level 0.0 Fighting
 * Level 1.1 Short Blades
 - Level 1.5 Dodging
 * Level 4.5 Stealth
 + Level 2.0 Spellcasting
 + Level 3.0 Hexes


You had 4 spell levels left.
You didn't know any spells.
Your spell library contained the following spells:

 Spells                   Type           Power      Damage    Failure   Level
 Ensorcelled Hibernation  Hex/Ice        12%        N/A       19%         2
 Confusing Touch          Hex            10%        N/A       19%         3
 Tukima's Dance           Hex            10%        N/A       19%         3
 Dazzling Flash           Conj/Hex       12%        N/A       34%         3


Dungeon Overview and Level Annotations

Branches:
Dungeon (1/15)

Altars:


Innate Abilities, Weirdness & Mutations

Your serpentine skin is tough. (AC +0)
You have supernaturally acute eyesight. (SInv)
Armour fits poorly on your strangely shaped body.
Your system is resistant to poisons. (rPois)
You cover ground very slowly.
You can spit poison.
You have a snake-like lower body.


Message History

Aim: a bat (35% to hit)
The splash of poison misses the bat.
The bat hits you but does no damage. The bat hits you but does no damage.
You closely miss the bat. The bat hits you.
Found a coppery potion.
You have got your breath back.
The bat hits you.
Aiming: Spit Poison (3% risk of failure)
Press: ? - help, Q - select action Shift-Dir - straight line, f/p - bat
Aim: a bat (35% to hit)
The splash of poison hits the bat.
The bat is poisoned.
You kill the bat!
A kobold comes into view. It is wielding a +0 short sword.
You have got your breath back.
A hobgoblin comes into view.
A giant cockroach comes into view.
The kobold shouts!
The hobgoblin shouts!
You closely miss the kobold. The giant cockroach bites you.
You hit the kobold.
You kill the kobold!
The giant cockroach bites you.
Aiming: Spit Poison (3% risk of failure)
Press: ? - help, Q - select action Shift-Dir - straight line, f - hobgoblin
Aim: a hobgoblin (53% to hit)
The splash of poison misses the hobgoblin.
The giant cockroach closely misses you. The giant cockroach bites you.
You have got your breath back.
The giant cockroach bites you.
You hit the giant cockroach.
The giant cockroach is moderately wounded.
The giant cockroach barely misses you.
You barely miss the giant cockroach.
The giant cockroach is moderately wounded.
The giant cockroach bites you.
You hit the giant cockroach.
The giant cockroach is severely wounded.
The hobgoblin hits you.
You die...

. #. .# #.......# ..
##. #.# #.......# ...
..###.# #..(....#
..#....!####.......#
#.......##........####
+.....................
#..).......#...§...§..
#...#Bg....#.≈≈§§§≈≈..
#...#@.....#.≈§....≈..
#...#......#.≈.....≈..
##+##......#.≈..≈≈.≈.§
####+###.≈..≈..≈..
#.≈§§≈.<≈..
#.≈§.§.≈≈..
#....≈.....
####.≈....§ #.≈≈≈≈≈≈


You could see a giant cockroach and a hobgoblin.

Vanquished Creatures
  A kobold (D:1)
  A bat (D:1)
2 creatures vanquished.

Notes
Turn   | Place    | Note
-------+----------+-------------------------------------------
     0 | D:1      | tizbic2 the Naga Enchanter began the quest for the Orb.
     0 | D:1      | Reached XP level 1. HP: 15/15 MP: 3/3
    41 | D:1      | Slain by a hobgoblin

Illustrated notes

Levels and vault maps discovered:
D:1:      ebering_hopf_link, layout_basic, serial_shops, shop,
          shapermc_ecumenical_altar_notcrosses

Action                   || total
-------------------------++-------
Melee: Dagger            ||     6
 Abil: Spit Poison       ||     3
Armor: Robe              ||     2
Dodge: Dodged            ||     2
